 Dungeon Crawl Stone Soup version 0.26.0-16-gc1dbca0489 (webtiles) character file.

Game seed: 16769207222721523535

125504 xSliceyx the Tortoise (level 16, 0/127 HPs)
             Began as a Demonspawn Fighter on Jan 18, 2021.
             Was the Champion of Okawaru.
             Killed from afar by Roxanne (40 damage)
             ... with a crystal spear
             ... on level 15 of the Dungeon on Jan 19, 2021.
             The game lasted 02:22:00 (33572 turns).

xSliceyx the Tortoise (Demonspawn Fighter)         Turns: 33572, Time: 02:22:00

Health: 0/127      AC: 56    Str: 23    XL:     16   Next: 41%
Magic:  22/26      EV: 10    Int:  8    God:    Okawaru [******]
Gold:   3472       SH: 15    Dex: 21    Spells: 15/15 levels left

rFire    + + +     SeeInvis +   a - +11 mace "Tonur" {flame, rPois Will+ Int-5 Dex+2}
rCold    + . .     Faith    .   c - +0 kite shield
rNeg     + . .     Spirit   .   w - +12 crystal plate armour of the Komodo Dragon {rPois rN+}
rPois    +         Reflect  .   i - +2 helmet {Int+3}
rElec    +         Harm     .   O - scarf {rC+ rF+}
rCorr    .         Rampage  .   H - +2 pair of gloves
Will     +++..                  u - +0 pair of boots {Stlth+}
Stlth    ..........             (no amulet)
HPRegen  0.31/turn              K - +6 ring of dexterity
MPRegen  0.20/turn              q - ring "Lumnuf" {*Drain rElec rF+ Will+ SInv}

@: heroism, finesse
A: talons 2, iridescent scales 3, fire resistance 1, powered by death 2, powered
by pain 2
a: Renounce Religion, Heroism, Finesse


You were on level 15 of the Dungeon.
You worshipped Okawaru.
Okawaru was exalted by your worship.
You visited 3 branches of the dungeon, and saw 23 of its levels.

You collected 4747 gold pieces.
You spent 1275 gold pieces at shops.

Inventory:

Hand Weapons
 a - the +11 mace "Tonur" (weapon) {flame, rPois Will+ Int-5 Dex+2}
   (You found it on level 10 of the Dungeon)

   It has been specially enchanted to burn those struck by it, causing extra
   injury to most foes and up to half again as much damage against particularly
   susceptible opponents.
   It affects your intelligence (-5).
   It affects your dexterity (+2).
   It protects you from poison.
   It affects your willpower, your defense against some magical effects.
 b - the +7 hunting sling of Xom's Fury {venom, Dex+6}
   (You found it on level 6 of the Lair of Beasts)

   It poisons the ammo it fires.
   It affects your dexterity (+6).
 W - a +6 scimitar of flaming
Missiles
 d - 88 sling bullets
 t - 7 datura-tipped darts (quivered)
 y - 6 curare-tipped darts
 E - 9 silver javelins
 M - 17 atropa-tipped darts
Armour
 c - a +0 kite shield (worn)
 e - a +0 cloak
 i - a +2 helmet of intelligence (worn)
 u - a +0 pair of boots of stealth (worn)
 w - the +12 crystal plate armour of the Komodo Dragon (worn) {rPois rN+}
   (You found it on level 9 of the Dungeon)

   It protects you from poison.
   It protects you from negative energy.
 H - a +2 pair of gloves (worn)
 O - a scarf of resistance (worn)
 X - a +2 hat of see invisible
Jewellery
 l - an uncursed ring of poison resistance
 q - the ring "Lumnuf" (right hand) {*Drain rElec rF+ Will+ SInv}
   (You bought it in a shop on level 2 of the Orcish Mines)

   [ring of protection from fire]

   It protects you from fire.
   It insulates you from electricity.
   It affects your willpower, your defense against some magical effects.
   It lets you see invisible.
   It causes draining when unequipped.
 A - an uncursed ring of positive energy
 F - an uncursed ring of willpower
 K - a +6 ring of dexterity (left hand)
Wands
 r - a wand of polymorph (31)
 z - a wand of digging (6)
 B - a wand of disintegration (9)
 C - a wand of acid (3)
 D - a wand of paralysis (17)
 I - a wand of flame (55)
Scrolls
 f - 5 scrolls of identify
 k - 4 scrolls of amnesia
 o - 4 scrolls of teleportation
 s - 2 scrolls of fear
 x - 8 scrolls of remove curse
 L - a scroll of magic mapping
 P - a scroll of enchant armour
 S - 4 scrolls of fog
 T - 4 scrolls of blinking
Potions
 g - 7 potions of curing
 h - 13 potions of ambrosia
 j - 5 potions of lignification
 m - 2 potions of haste
 G - a potion of magic
 J - a potion of berserk rage
 N - a potion of attraction
 Q - 3 potions of might
 U - 5 potions of flight
 V - a potion of resistance
 Y - a potion of brilliance
Miscellaneous
 n - a lightning rod (4/4)
 p - a condenser vane
 v - a phantom mirror
 R - a tin of tremorstones (2/2)


   Skills:
 + Level 12.0(17.0) Fighting
 - Level 1.7(6.7) Long Blades
 - Level 5.0(10.0) Maces & Flails
 + Level 18.1(23.1) Armour
 + Level 11.1(16.1) Shields
 + Level 13.6 Invocations
 + Level 8.4 Evocations


You had 15 spell levels left.
You didn't know any spells.
Your spell library contained the following spells:

 Spells                   Type           Power        Failure   Level
 Animate Skeleton         Necr           0%           99%         1
 Apportation              Tloc           0%           99%         1
 Beastly Appendage        Tmut           0%           99%         1
 Corona                   Hex            0%           99%         1
 Freeze                   Ice            0%           99%         1
 Magic Dart               Conj           0%           99%         1
 Sandblast                Erth           0%           99%         1
 Summon Small Mammal      Summ           0%           99%         1
 Corpse Rot               Necr/Air       N/A          100%        2
 Passwall                 Tmut/Erth      0%           100%        2
 Searing Ray              Conj           0%           100%        2
 Sublimation of Blood     Necr           0%           100%        2
 Wereblood                Tmut           0%           100%        2
 Dazzling Flash           Conj/Hex       0%           100%        3
 Frozen Ramparts          Ice            0%           100%        3
 Ozocubu's Armour         Ice            0%           100%        3
 Spider Form              Tmut/Pois      0%           100%        3
 Static Discharge         Conj/Air       0%           100%        3
 Stone Arrow              Conj/Erth      0%           100%        3
 Dispel Undead            Necr           0%           100%        4
 Fulminant Prism          Conj/Hex       0%           100%        4
 Hailstorm                Conj/Ice       0%           100%        4
 Ice Form                 Ice/Tmut       0%           100%        4
 Iskenderun's Mystic Bla  Conj/Tloc      0%           100%        4
 Leda's Liquefaction      Hex/Erth       0%           100%        4
 Petrify                  Tmut/Erth      0%           100%        4
 Summon Ice Beast         Ice/Summ       0%           100%        4
 Agony                    Necr           0%           100%        5
 Blade Hands              Tmut           0%           100%        5
 Bolt of Magma            Conj/Fire/Erth 0%           100%        5
 Excruciating Wounds      Necr           0%           100%        5
 Lee's Rapid Deconstruct  Erth           0%           100%        5
 Lightning Bolt           Conj/Air       0%           100%        5
 Iron Shot                Conj/Erth      0%           100%        6
 Statue Form              Tmut/Erth      0%           100%        6
 Ignition                 Fire           0%           100%        8
 Shatter                  Erth           0%           100%        9
 Tornado                  Air            0%           100%        9


Dungeon Overview and Level Annotations

Branches:
Dungeon (15/15)            Temple (0/1) D:7            Lair (6/6) D:8
 Shoals (0/4) Lair:2       Spider (0/4) Lair:3        Slime (0/5) Lair:5
    Orc (2/2) D:12            Elf (0/3) Orc:2        Vaults (0/5) D:14
 Depths (0/5) D:15

Altars:
Dithmenos
Fedhas
Hepliaklqana
Kikubaaqudgha
Makhleb
Okawaru
Qazlal
Trog
Wu Jian
Zin
The Shining One
Jiyva

Shops:
Orc:2 [=}[

Annotations:
D:15 Roxanne


Innate Abilities, Weirdness & Mutations

You have razor-sharp toenails.
You are completely covered in iridescent scales. (AC +6)
Your flesh is heat resistant. (rF+)
You regenerate health from kills.
You sometimes gain power by taking damage.


Message History

Roxanne is almost destroyed.
You thump Roxanne!
Roxanne is almost destroyed.
You hit Roxanne but do no damage.
Roxanne is almost destroyed.
You hit Roxanne but do no damage.
Roxanne is almost destroyed.
You hit Roxanne but do no damage.
Roxanne is almost destroyed.
You hit Roxanne.
Roxanne is almost destroyed.
Roxanne casts a spell.
You block the iron shot.
You sock Roxanne!
Roxanne is almost destroyed.
You hit Roxanne but do no damage.
Roxanne is almost destroyed.
Roxanne casts a spell.
The crystal spear hits you!!!
You die...

........#................###...#.
##....................#..###.....
###....##.#.##...................
..........#)##!..........###.....
...........)).........$..........
#####.##..####..$.....##..##.....
..........####........###........
................8.....###.##.....
..........####..@.#.......^......
..........#......................
......................#.#.##.....
..........#....................≈.
......##..########.(..#...##..≈≈≈
..........# #...##..≈..≈≈≈≈.
..........########...##.≈≈≈≈≈≈...
......................≈≈≈........
.......#.####...##.........#..#..


You could see Roxanne.

Vanquished Creatures
  Rupert (Lair:6)
  Jorgrun (D:13)
  Frances (D:13)
  Agnes (D:15)
  Nessos (D:14)
  A dire elephant (Lair:2)
  Josephine (D:15)
  A fire dragon (D:14)
  Fannar (D:10)
  Harold (D:11)
  9 hydras
  5 boulder beetles
  Erica (D:11)
  3 ogre magi
  A death knight (D:9)
  13 two-headed ogres
  3 centaur warriors
  A tengu warrior (D:15)
  Urug (D:14)
  Sonja (D:13)
  The ghost of Woodmanan the Insei, a novice DsTm of Kikubaaqudgha (D:8)
  Nergalle (D:12)
  4 unseen horrors
  2 deep trolls
  A wizard (D:15)
  An orange crystal statue (D:13)
  Pikel (D:7)
  2 orc knights
  3 deep elf magi
  26 ugly things
  An orc sorcerer (D:15)
  4 oklob plants (Lair:6)
  5 cyclopes
  17 elephants (Lair:2)
  12 slime creatures
  2 manticores (D:15)
  2 black mambas
  A salamander (D:15)
  A centaur zombie (D:15)
  2 torpor snails
  An ice statue (D:13)
  21 cane toads
  A centaur skeleton (D:14)
  A freezing wraith (D:15)
  A rime drake (Lair:3)
  11 komodo dragons
  Maggie (D:7)
  A queen bee (D:13)
  A tengu conjurer (D:15)
  3 meliai (D:13)
  4 tyrant leeches (Lair:6)
  13 trolls
  Grinder (D:3)
  33 blink frogs
  A hornet (D:14)
  A polar bear (Lair:5)
  A centaur simulacrum (D:15)
  8 dream sheep (Lair:4)
  2 shadows
  A spriggan (Lair:2)
  A water elemental (D:14)
  8 wraiths
  16 humans (D:14)
  54 yaks
  A human (shapeshifter) (D:15)
  A steam dragon (Lair:5)
  5 wyverns
  10 basilisks
  15 vampire mosquitoes
  4 wargs
  Menkaure (D:6)
  A warg (shapeshifter) (D:15)
  2 acid dragons
  18 water moccasins
  Edmund (D:5)
  19 orc warriors
  5 sky beasts
  5 ice beasts
  A black bear (Lair:2)
  An eye of draining (D:9)
  6 phantoms
  31 ogres
  A necrophage (D:6)
  13 centaurs
  9 wolves
  2 lemures (D:7)
  3 big kobolds
  Blork the orc (D:4)
  22 bullfrogs
  A water moccasin zombie (D:8)
  A wyvern skeleton (D:12)
  6 scorpions
  8 wights
  20 killer bees (D:13)
  5 howler monkeys
  A vampire bat (D:6)
  4 electric eels
  2 bullfrog zombies
  2 bullfrog skeletons
  A gnoll shaman (D:9)
  21 orc priests
  10 hounds
  7 jellies
  34 orc wizards
  18 iguanas
  2 hell rats (Lair:3)
  5 worker ants
  2 hound zombies
  A killer bee simulacrum (D:9)
  10 gnolls
  13 adders
  9 river rats (Lair:3)
  2 white imps (D:9)
  4 ufetubi
  An ooze (D:3)
  An adder zombie (D:5)
  2 adder skeletons (D:9)
  5 worms
  4 dart slugs
  5 leopard geckos
  92 orcs
  3 ball pythons
  2 bat skeletons (D:6)
  3 bat zombies (D:6)
  4 giant cockroaches
  8 goblins
  7 hobgoblins
  24 jackals
  19 kobolds
  10 quokkas
  3 bats
  3 frilled lizards
  A jackal zombie (D:6)
  5 rats
  A butterfly (Lair:6)
893 creatures vanquished.

Vanquished Creatures (others)
  An orc (D:11)
  A bush (Lair:2)
  120 fungi
  157 plants
279 creatures vanquished.

Grand Total: 1172 creatures vanquished

Notes
Turn   | Place    | Note
-------+----------+-------------------------------------------
     0 | D:1      | xSliceyx the Demonspawn Fighter began the quest for the
                  | Orb.
     0 | D:1      | Reached XP level 1. HP: 18/18 MP: 1/1
   286 | D:1      | Gained mutation: You are partially covered in iridescent
                  | scales. (AC +2) [demonic ancestry]
   286 | D:1      | Reached XP level 2. HP: 24/24 MP: 2/2
   322 | D:1      | Reached skill level 3 in Armour
   647 | D:2      | Found a burning altar of Makhleb.
   660 | D:2      | Reached XP level 3. HP: 19/29 MP: 3/3
  1001 | D:2      | Reached XP level 4. HP: 34/37 MP: 4/4
  1380 | D:2      | Gained mutation: You regenerate a little health from kills.
                  | [demonic ancestry]
  1380 | D:2      | Reached XP level 5. HP: 19/42 MP: 5/5
  1889 | D:2      | Found an iron altar of Okawaru.
  1896 | D:2      | Found a stormy altar of Qazlal.
  1950 | D:2      | Found a glowing golden altar of the Shining One.
  2091 | D:2      | Found a hazy altar of Hepliaklqana.
  2633 | D:2      | Found a shadowy altar of Dithmenos.
  2644 | D:2      | Became a worshipper of Warmaster Okawaru
  2765 | D:3      | Reached skill level 4 in Armour
  2980 | D:3      | Reached skill level 1 in Invocations
  3187 | D:3      | Gained mutation: You have sharp toenails. [demonic
                  | ancestry]
  3187 | D:3      | Reached XP level 6. HP: 38/49 MP: 5/7
  3391 | D:3      | Noticed Grinder
  3403 | D:3      | Killed Grinder
  3403 | D:3      | Reached * piety under Okawaru
  3915 | D:4      | Reached skill level 5 in Fighting
  3915 | D:4      | Gained mutation: You are mostly covered in iridescent
                  | scales. (AC +4) [demonic ancestry]
  3915 | D:4      | Reached XP level 7. HP: 42/56 MP: 9/9
  4163 | D:4      | Found an ornate altar of the Wu Jian Council.
  4698 | D:4      | Noticed Blork the orc
  4705 | D:4      | Killed Blork the orc
  4706 | D:4      | Reached skill level 5 in Armour
  4736 | D:4      | Reached skill level 5 in Shields
  5036 | D:4      | Reached ** piety under Okawaru
  5280 | D:5      | Entered Level 5 of the Dungeon
  5343 | D:5      | Noticed Edmund
  5358 | D:5      | Killed Edmund
  5359 | D:5      | Reached XP level 8. HP: 55/62 MP: 11/11
  5621 | D:5      | Reached skill level 5 in Invocations
  6892 | D:6      | Noticed Menkaure
  6901 | D:6      | Killed Menkaure
  7005 | D:6      | Reached skill level 6 in Armour
  7046 | D:6      | Reached *** piety under Okawaru
  7331 | D:6      | Gained mutation: You sometimes gain a little power by
                  | taking damage. [demonic ancestry]
  7331 | D:6      | Reached XP level 9. HP: 71/71 MP: 13/13
  7505 | D:6      | Found an ancient bone altar of Kikubaaqudgha.
  7863 | D:7      | Found a staircase to the Ecumenical Temple.
  8000 | D:7      | Noticed Maggie
  8016 | D:7      | Reached **** piety under Okawaru
  8039 | D:7      | Killed Maggie
  8485 | D:7      | Noticed Pikel
  8505 | D:7      | Killed Pikel
  8506 | D:7      | Reached skill level 7 in Armour
  8666 | D:7      | Reached ***** piety under Okawaru
  8886 | D:7      | Gained mutation: You have razor-sharp toenails. [demonic
                  | ancestry]
  8886 | D:7      | Reached XP level 10. HP: 80/80 MP: 16/16
  8993 | D:7      | Killed an unseen horror
  8993 | D:7      | Received a gift from Okawaru
  9490 | D:8      | Found a glowing silver altar of Zin.
  9491 | D:8      | Noticed an angel
  9690 | D:8      | Found a blossoming altar of Fedhas.
  9977 | D:8      | Found a runed translucent gate.
  9999 | D:8      | Received a gift from Okawaru
 10000 | D:8      | Found a runed translucent gate.
 10006 | D:8      | Found a runed translucent gate.
 10008 | D:8      | Noticed Woodmanan's ghost (novice DsTm)
 10113 | D:8      | Found a staircase to the Lair.
 10214 | D:8      | Found a viscous altar of Jiyva.
 10572 | D:9      | Found an ancient bone altar of Kikubaaqudgha.
 11103 | D:9      | Found a large runed translucent door.
 11104 | D:9      | Found a large runed translucent door.
 11106 | D:9      | Noticed a death knight
 11112 | D:9      | Found a large runed translucent door.
 11112 | D:9      | Found a large runed translucent door.
 11167 | D:9      | Reached skill level 8 in Armour
 11612 | D:9      | Got a distressingly furry crystal plate armour
 11613 | D:9      | Identified the +12 crystal plate armour of the Komodo
                  | Dragon {rPois rN+} (You found it on level 9 of the Dungeon)
 11943 | D:10     | Entered Level 10 of the Dungeon
 12091 | D:10     | Reached skill level 10 in Invocations
 12614 | D:10     | Noticed a two-headed ogre
 12660 | D:10     | Killed a two-headed ogre
 12661 | D:10     | Reached skill level 9 in Armour
 13250 | D:10     | Noticed Fannar
 13301 | D:10     | Killed Fannar
 13301 | D:10     | Received a gift from Okawaru
 13302 | D:10     | Gained mutation: You are completely covered in iridescent
                  | scales. (AC +6) [demonic ancestry]
 13302 | D:10     | Reached XP level 11. HP: 53/89 MP: 18/18
 13824 | D:10     | Got a warped mace
 13825 | D:10     | Identified the +11 mace "Tonur" {flame, rPois Will+ Int-5
                  | Dex+2} (You found it on level 10 of the Dungeon)
 13968 | D:11     | Noticed a brown ugly thing
 13989 | D:11     | Killed a brown ugly thing
 13990 | D:11     | Reached skill level 1 in Maces & Flails
 14096 | D:11     | Noticed Harold
 14121 | D:11     | Killed Harold
 14122 | D:11     | Reached skill level 10 in Armour
 14413 | D:11     | Noticed a red ugly thing
 14425 | D:11     | Killed a red ugly thing
 14425 | D:11     | Received a gift from Okawaru
 14429 | D:11     | Got a steaming great sword {god gift}
 14460 | D:11     | Killed an unseen horror
 14467 | D:11     | Identified the +4 great sword "Kecwa" {vorpal, rElec Int+4}
                  | (Okawaru gifted it to you on level 11 of the Dungeon)
 14732 | D:11     | Noticed Erica
 14760 | D:11     | Killed Erica
 14767 | D:11     | Reached skill level 11 in Armour
 15085 | D:11     | Identified a scroll of acquirement
 15086 | D:11     | Acquired 591 gold pieces
 15125 | D:12     | Noticed Nergalle
 15129 | D:12     | Noticed a spectral orc warlord
 15136 | D:12     | Killed Nergalle
 15283 | D:12     | Killed an unseen horror
 15460 | D:12     | Noticed a white ugly thing
 15469 | D:12     | Killed a white ugly thing
 15469 | D:12     | Received a gift from Okawaru
 15651 | D:12     | Noticed a six-headed hydra
 15656 | D:12     | Killed a two-headed hydra
 15657 | D:12     | Reached skill level 12 in Armour
 15850 | D:12     | Reached XP level 12. HP: 92/95 MP: 19/19
 15865 | D:12     | Found a staircase to the Orcish Mines.
 15923 | D:12     | Noticed a five-headed hydra
 15932 | D:12     | Killed a one-headed hydra
 16611 | Lair:1   | Entered Level 1 of the Lair of Beasts
 16633 | Lair:1   | Reached skill level 13 in Armour
 16992 | Lair:1   | Reached ****** piety under Okawaru
 17548 | Lair:2   | Noticed an eight-headed hydra
 17561 | Lair:2   | Killed a two-headed hydra
 17561 | Lair:2   | Received a gift from Okawaru
 17818 | Lair:2   | Reached skill level 14 in Armour
 18195 | Lair:2   | Found a staircase to the Shoals.
 18480 | Lair:2   | Noticed a five-headed hydra
 18493 | Lair:2   | Killed a one-headed hydra
 18796 | Lair:2   | Received a gift from Okawaru
 18797 | Lair:2   | Reached skill level 15 in Armour
 18897 | Lair:2   | Reached XP level 13. HP: 39/101 MP: 20/20
 20062 | Lair:2   | Noticed a dire elephant
 20087 | Lair:2   | Killed a dire elephant
 20817 | Lair:3   | Reached skill level 16 in Armour
 21273 | Lair:3   | Found a hole to the Spider Nest.
 22201 | Lair:4   | You fall into a shaft and drop 2 floors!
 22201 | Lair:6   | Entered Level 6 of the Lair of Beasts
 22208 | Lair:6   | Got an encrusted hunting sling
 22376 | Lair:6   | Received a gift from Okawaru
 22888 | Lair:6   | Reached skill level 17 in Armour
 22911 | Lair:6   | Reached skill level 1 in Evocations
 22939 | Lair:6   | Received a gift from Okawaru
 23386 | Lair:5   | Gained mutation: You regenerate health from kills. [demonic
                  | ancestry]
 23386 | Lair:5   | Reached XP level 14. HP: 98/108 MP: 21/21
 23887 | Lair:5   | Found a staircase to the Slime Pits.
 23887 | Lair:5   | Found a viscous altar of Jiyva.
 25173 | Lair:6   | Received a gift from Okawaru
 25339 | Lair:6   | Reached skill level 10 in Fighting
 25492 | Lair:6   | Noticed Rupert
 25508 | Lair:6   | Killed Rupert
 25643 | Lair:6   | Identified the +7 hunting sling of Xom's Fury {venom,
                  | Dex+6} (You found it on level 6 of the Lair of Beasts)
 25861 | Lair:6   | Found the +27 Lear's hauberk
 26505 | D:8      | Killed Woodmanan's ghost
 26645 | D:9      | Reached skill level 5 in Evocations
 27666 | Orc:1    | Entered Level 1 of the Orcish Mines
 27772 | Orc:2    | Entered Level 2 of the Orcish Mines
 28268 | Orc:2    | Gained mutation: Your flesh is heat resistant. (rF+)
                  | [demonic ancestry]
 28268 | Orc:2    | Reached XP level 15. HP: 115/117 MP: 23/23
 28461 | Orc:2    | Received a gift from Okawaru
 28498 | Orc:2    | Found Nueni's Antique Armour Boutique.
 28504 | Orc:2    | Found Niadin's Jewellery Shoppe.
 28512 | Orc:2    | Found Jieppuo's Armour Shop.
 28512 | Orc:2    | Found Woajoawa's Gadget Shop.
 28554 | Orc:2    | Bought a wand of paralysis (9) for 154 gold pieces
 28554 | Orc:2    | Bought a condenser vane for 560 gold pieces
 28562 | Orc:2    | Bought the ring "Lumnuf" {*Drain rElec rF+ Will+ SInv} for
                  | 561 gold pieces
 28598 | Orc:2    | Found a bloodstained altar of Trog.
 28675 | Orc:2    | Reached skill level 10 in Shields
 28796 | Orc:2    | Found a staircase to the Elven Halls.
 29265 | D:13     | Noticed Sonja
 29290 | D:13     | Killed Sonja
 29411 | D:13     | Noticed Frances
 29445 | D:13     | Killed Frances
 29445 | D:13     | Received a gift from Okawaru
 30091 | D:13     | Got a serpentine marble ring
 30097 | D:13     | Identified the ring of the Nine Defenders {Fire Dex+4} (You
                  | found it on level 13 of the Dungeon)
 30178 | D:13     | Noticed Jorgrun
 30198 | D:13     | Killed Jorgrun
 31037 | D:14     | Noticed Urug
 31068 | D:14     | Noticed Nessos
 31082 | D:14     | Killed Urug
 31098 | D:14     | Killed Nessos
 31280 | D:14     | Received a gift from Okawaru
 31281 | D:14     | Reached skill level 5 in Maces & Flails
 31299 | D:14     | Found a gate to the Vaults.
 31594 | D:14     | Gained mutation: You sometimes gain power by taking damage.
                  | [demonic ancestry]
 31594 | D:14     | Reached XP level 16. HP: 126/126 MP: 25/25
 31752 | D:15     | Entered Level 15 of the Dungeon
 31921 | D:15     | Identified Roxanne's Almanac of Changing
 31921 | D:15     | Noticed Roxanne
 32386 | D:15     | Reached skill level 18 in Armour
 32390 | D:15     | Acquired 1190 gold pieces
 32619 | D:15     | Noticed Agnes
 32648 | D:15     | Killed Agnes
 32648 | D:15     | Received a gift from Okawaru
 33210 | D:15     | Noticed Josephine
 33221 | D:15     | Killed Josephine
 33274 | D:15     | Found a staircase to the Depths.
 33572 | D:15     | Killed from afar by Roxanne

Illustrated notes

Levels and vault maps discovered:
D:1:      erik_arrival_triangle_small, layout_loops_ring
D:2:      layout_loops_corners, makhleb_heckhound_becter,
          nicolae_overflow_hidden_temple
D:3:      layout_loops_corners, chequers_avenue, chequers_serial_rivers_small_3,
          uniq_grinder
D:4:      minmay_razor_zed, layout_rooms, nzn_wu_jian_council_hall,
          roderic_st_hans_cross, uniq_blork_the_orc
D:5:      layout_layer_cave, uniq_edmund
D:6:      layout_rooms, kennysheep_vampire_church, roderic_lattice_a,
          uniq_menkaure
D:7:      layout_basic, minmay_temple_entry_enclosed_plants,
          kennysheep_pointless_box, uniq_pikel, uniq_maggie
D:8:      layout_rooms, nicolae_overflow_crystal_walls, zin_angel,
          dpeg_oklobed_lair, gammafunk_ghost_ooze,
          eino_small_chamber_without_monster
D:9:      layout_roguey, basic_altar, glass_columns_b, hangedman_decor_opposing,
          minmay_hollow_rounded_squares
D:10:     layout_basic, hex_tiny, uniq_fannar
D:11:     layout_long_grid, uniq_erica, uniq_harold
D:12:     layout_basic, erik_orc_3, columned_hall_lemuel, uniq_nergalle
D:13:     layout_roguey [special_room_bee], minmay_more_statues, uniq_frances,
          uniq_sonja, uniq_jorgrun
D:14:     layout_rooms, david_vaults_3, nicolae_water_bricks
D:15:     hangedman_depths_entry_try_elsewhere_first, layout_basic,
          chequers_serial_rivers_small_a, uniq_josephine, uniq_agnes,
          uniq_roxanne
Lair:1:   layout_chaotic_city
Lair:2:   mu_elephants_graveyard, layout_chaotic_city, shoals_dummy_entry
Lair:3:   beast_lair_carwin_large_1, layout_gridlike, spider_nest_entry_webs,
          kennysheep_rathole
Lair:4:   layout_gridlike, grunt_megastairs_3
Lair:5:   layout_roguey, slime_altar_1
Lair:6:   minmay_lair_end_frog_pond, layout_regular_city,
          minmay_lair_oklob_chamber, infiniplex_staircase_pool_2,
          lemuel_fruit_fields, uniq_rupert
Orc:1:    layout_caves
Orc:2:    st_orc_open, layout_caves, trog_book

Skill      XL: |  1  2  3  4  5  6  7  8  9 10 11 12 13 14 15 16 |
---------------+-------------------------------------------------+-----
Shields        | 3 4 5 6 7 8 9 10 11 | 11.1
Armour         | 3 4 5 6 7 9 12 15 17 18 | 18.1
Fighting       | 4 5 6 8 9 10 11 12 | 12.0
Invocations    | 1 3 4 6 8 10 11 13 | 13.6
Maces & Flails | 3 5 |  5.0
Evocations     | 2 5 7 8 |  8.4
Long Blades    | |  1.7

Action                   |  1- 3 |  4- 6 |  7- 9 | 10-12 | 13-15 | 16-18 || total
-------------------------+-------+-------+-------+-------+-------+-------++-------
Melee: Long sword        |    98 |   220 |    18 |       |       |       ||   336
       Kick              |       |    14 |   135 |       |       |       ||   149
       Falchion          |       |       |   581 |   634 |       |       ||  1215
       Mace              |       |       |       |   517 |  2016 |   438 ||  2971
       Scimitar          |       |       |       |    25 |    30 |     6 ||    61
 Fire: Hunting sling     |       |       |       |       |    39 |       ||    39
Throw: Dart              |       |       |    28 |    15 |     6 |       ||    49
Invok: Heroism           |       |       |     4 |     5 |     6 |     2 ||    17
       Finesse           |       |       |       |     1 |     3 |     1 ||     5
Evoke: Wand              |       |       |       |     4 |     4 |       ||     8
       Lightning rod     |       |       |       |       |     2 |       ||     2
       Condenser vane    |       |       |       |       |     1 |       ||     1
  Use: Potion            |       |     1 |       |     2 |     6 |       ||     9
       Scroll            |       |       |    14 |    12 |     9 |     1 ||    36
Armor: Scale mail        |    71 |    78 |   263 |   161 |       |       ||   573
       Chain mail        |       |       |       |   525 |   307 |       ||   832
       Crystal plate arm |       |       |       |       |  1538 |   319 ||  1857
       Skin              |       |       |       |       |     5 |       ||     5
Dodge: Dodged            |    28 |    77 |   140 |   297 |   555 |    90 ||  1187
Block: Kite shield       |    62 |   100 |   277 |   698 |  1571 |   293 ||  3001
       Rpst.: Long sword |     7 |    21 |     2 |       |       |       ||    30
       Falchion          |       |       |    39 |    35 |       |       ||    74
       Scimitar          |       |       |       |     4 |     2 |     1 ||     7
